 Dungeon Crawl Stone Soup version 0.28-a0-592-g6fc52098c6 (webtiles) character file.

Game seed: 11726175615819091300

31426 Johnny the Thaumaturge (level 13, -9/119 HPs)
             Began as a Purple Draconian Ice Elementalist on Oct 4, 2021.
             Was an Elder of Sif Muna.
             Mangled by an eight-headed hydra (11 damage)
             ... on level 3 of the Lair of Beasts.
             The game lasted 00:23:40 (18144 turns).

Johnny the Thaumaturge (DrIE)                      Turns: 18144, Time: 00:23:40

Health: -9/119     AC:  9    Str: 12    XL:     13   Next: 25%
Magic:  4/29       EV: 12    Int: 19    God:    Sif Muna [****..]
Gold:   847        SH:  5    Dex: 12    Spells: 14/37 levels left

rFire   + . .      SeeInvis .   G - +10 hand axe "Demor" {holy, rF+}
rCold   . . .      Faith    .   J - +0 buckler
rNeg    . . .      Spirit   .   (armour unavailable)
rPois   +          Reflect  .   (helmet restricted)
rElec   .          Harm     .   (no cloak)
rCorr   .          Rampage  .   g - +0 pair of gloves
Will    +....                   (no boots)
Stlth   ++........              I - amulet of regeneration
HPRegen 1.29/turn               a - ring of wizardry
MPRegen 0.21/turn               v - ring of poison resistance

@: unable to drink
A: no potions, breathe power, AC +8, unfitting armour, cold-blooded
a: Breathe Dispelling Energy, Renounce Religion, Channel Magic, Forget Spell,
Divine Exegesis


You were on level 3 of the Lair of Beasts.
You worshipped Sif Muna.
Sif Muna was greatly pleased with you.
You visited 3 branches of the dungeon, and saw 16 of its levels.
You also visited: Sewer.

You collected 935 gold pieces.
You spent 88 gold pieces at shops.

Inventory:

Hand Weapons
 y - a +2 mace of venom
 G - the +10 hand axe "Demor" (weapon) {holy, rF+}
   (You found it on level 6 of the Dungeon)

   It has been blessed by the Shining One to cause great damage to the undead
   and demons.
   rF:        It protects you from fire.
Missiles
 z - 2 throwing nets
Armour
 g - a +0 pair of gloves (worn)
 C - the +0 cloak "Weonwur" {rCorr Str+3 Int-2}
   (You found it on level 5 of the Dungeon)

   Str:       It affects your strength (+3).
   Int:       It affects your intelligence (-2).
   rCorr:     It protects you from acid and corrosion.
 J - a +0 buckler (worn)
Magical Staves
 u - a staff of fire
Jewellery
 a - a ring of wizardry (left hand)
 d - a ring of protection from cold
 q - a ring of fire
 v - a ring of poison resistance (right hand)
 x - a ring of magical power
 B - a ring of protection from cold
 I - an amulet of regeneration (around neck)
 K - a ring of ice
 O - a ring of ice
Wands
 j - a wand of flame (92)
 m - a wand of polymorph (23)
 D - a wand of iceblast (12)
 P - a wand of mindburst (7)
 Q - a wand of digging (4)
 T - a wand of acid (9)
Scrolls
 b - 4 scrolls of fog
 h - 3 scrolls of teleportation
 p - a scroll of immolation
 r - 3 scrolls of enchant armour
 s - 3 scrolls of noise
 t - 5 scrolls of amnesia
 w - a scroll of enchant weapon {unknown}
 A - 3 scrolls of blinking
 M - a scroll of fear {unknown}
 N - 2 scrolls of identify
 S - a scroll of acquirement {unknown}
Potions
 c - a potion of degeneration {unknown}
 e - a potion of flight {unknown}
 f - a potion of might {unknown}
 i - 5 potions of heal wounds
 k - 2 potions of resistance {unknown}
 l - 3 potions of brilliance {unknown}
 n - 4 potions of lignification {unknown}
 o - a potion of cancellation {unknown}
 E - 8 potions of curing
 F - a potion of mutation {unknown}
 H - 4 potions of invisibility
 L - a potion of magic {unknown}
 R - a potion of ambrosia {unknown}
 U - a potion of haste {unknown}


   Skills:
 + Level 12.6 Fighting
 - Level 1.7 Dodging
 - Level 1.7 Stealth
 - Level 7.1 Shields
 + Level 12.9 Spellcasting
 + Level 12.3 Ice Magic
 + Level 9.6 Invocations


You had 14 spell levels left.
You knew the following spells:

 Your Spells              Type           Power      Damage    Failure   Level
a - Freeze                Ice            100%       1d11      1%          1
b - Frozen Ramparts       Ice            100%       1d12      1%          3
c - Ozocubu's Armour      Ice            56%        N/A       1%          3
d - Freezing Cloud        Conj/Ice/Air   13%        6-21      12%         5
e - Ozocubu's Refrigerat  Ice            28%        4d10      12%         7
f - Hailstorm             Conj/Ice       35%        3d9       1%          4

Your spell library contained the following spells:

 Spells                   Type           Power      Damage    Failure   Level
 Shock                    Conj/Air       48%        1d6       2%          1
 Summon Small Mammal      Summ           48%        N/A       2%          1
 Sublimation of Blood     Necr           6%         N/A       3%          2
 Call Canine Familiar     Summ           12%        N/A       7%          3
 Dazzling Flash           Conj/Hex       24%        N/A       7%          3
 Inner Flame              Hex/Fire       12%        N/A       7%          3
 Summon Guardian Golem    Hex/Summ       12%        N/A       7%          3
 Airstrike                Air            6%         N/A       22%         4
 Cause Fear               Hex            6%         N/A       22%         4
 Iskenderun's Mystic Bla  Conj/Tloc      12%        2d5       22%         4
 Olgreb's Toxic Radiance  Pois           12%        N/A       22%         4
 Petrify                  Tmut/Erth      12%        N/A       22%         4
 Simulacrum               Ice/Necr       17%        N/A       26%         6
 Excruciating Wounds      Necr           6%         N/A       50%         5
 Irradiate                Conj/Tmut      6%         3d15      50%         5
 Iskenderun's Battlesphe  Conj           12%        2d7       50%         5
 Manifold Assault         Tloc           12%        N/A       50%         5
 Silence                  Hex/Air        6%         N/A       50%         5
 Summon Forest            Summ/Tloc      6%         N/A       50%         5
 Summon Mana Viper        Hex/Summ       12%        N/A       50%         5
 Dispersal                Tloc           6%         N/A       96%         6
 Starburst                Conj/Fire      6%         6d4       96%         6
 Discord                  Hex            6%         N/A       100%        8
 Disjunction              Tloc           6%         N/A       100%        8
 Ignition                 Fire           6%         3d4       100%        8


Dungeon Overview and Level Annotations

Branches:
Dungeon (12/15)            Temple (0/1) D:7            Lair (3/6) D:10
  Swamp (0/4) Lair:2        Snake (0/4) Lair:2          Orc (1/2) D:9
  Sewer (visited)

Altars:
Cheibriados
Dithmenos
Elyvilon
Fedhas
Hepliaklqana
Kikubaaqudgha
Qazlal
Sif Muna
Uskayaw
Wu Jian
Xom
The Shining One

Shops:
D:3 (   D:6 *   D:7 !   D:8 (

Annotations:
Lair:3 1 transporter


Innate Abilities, Weirdness & Mutations

You cannot drink.
You can breathe bolts of dispelling energy.
Your rich purple scales are hard. (AC +8)
You cannot fit into any form of body armour.
You are cold-blooded and may be slowed by cold attacks.


Message History

Casting: Ozocubu's Refrigeration (dangerous; 12% risk of failure)
Confirm with . or Enter, or press ? or * to list all spells.
The heat is drained from your surroundings.
You feel very cold.
The rime drake, the eight-headed hydra and Disaer's ghost are frozen.
The rime drake resists.
You kill the rime drake!
Sif Muna accepts your kill.
The eight-headed hydra is heavily wounded.
Disaer's ghost is heavily damaged.
Disaer's ghost barely misses you.
Casting: Ozocubu's Refrigeration (dangerous; 12% risk of failure)
Confirm with . or Enter, or press ? or * to list all spells.
The heat is drained from your surroundings.
You feel very cold.
The eight-headed hydra and Disaer's ghost are frozen.
The eight-headed hydra is almost dead.
Disaer's ghost is almost destroyed.
You feel less invigorated. Disaer's ghost hits you!!
* * * LOW HITPOINT WARNING * * *
Casting: Ozocubu's Refrigeration (dangerous; 12% risk of failure)
Confirm with . or Enter, or press ? or * to list all spells.
The heat is drained from your surroundings.
You feel very cold.
Disaer's ghost is frozen.
You destroy Disaer's ghost!
Sif Muna accepts your kill.
Casting: Ozocubu's Refrigeration (dangerous; 12% risk of failure)
Confirm with . or Enter, or press ? or * to list all spells.
The heat is drained from your surroundings.
You feel very cold.
The eight-headed hydra is frozen.
The eight-headed hydra is almost dead.
The eight-headed hydra bites you but does no damage. x2
The eight-headed hydra bites you!
* * * LOW HITPOINT WARNING * * *
The eight-headed hydra bites you!
* * * LOW HITPOINT WARNING * * *
The eight-headed hydra closely misses you.
The eight-headed hydra bites you!
* * * LOW HITPOINT WARNING * * *
The eight-headed hydra bites you!
You die...

.........#######...^..._.....##
#..###..P#.#..#...............###
#### #..##......................#
###.#...###...........#....... #
#....#.##.#####......##.....#. ##
###P...#......##....###..#.##.
.## ##..##..#....##..####..##...
..## ##..#.#...#..©#..# #...##...
#..###...# D#.##@.##..####..#....
##..##...##$#...#D#©...# ##......
#...##...#|#.....##.#P# ##.....
###.....©#![.©#...#.### ##....
#......#).#†..#.#.P# ##...
####.....##.....#.##.## #....
#........#..#.#...#...# ###..
#........#..#.#...#..## ##.#
.........##.......#.## #..#


You could see an eight-headed hydra.

Vanquished Creatures
  The ghost of Disaer the Grappler, a journeyman TrMo of Jiyva (Lair:3)
  3 hydras
  A centaur warrior (D:9)
  Erica (D:9)
  A tengu warrior (D:10)
  6 two-headed ogres
  An oklob plant (Lair:1)
  An elephant (Lair:3)
  3 black mambas
  A moth of wrath (Lair:3)
  A torpor snail (Lair:2)
  A guardian serpent (Lair:2)
  4 cane toads
  An unseen horror (D:12)
  A rime drake (Lair:3)
  7 komodo dragons
  A kobold demonologist (D:10)
  A gargoyle (D:12)
  A tyrant leech (Lair:2)
  A troll (D:9)
  A polar bear (Lair:3)
  A hornet (D:10)
  4 dream sheep (Lair:2)
  4 blink frogs (Lair:2)
  5 slime creatures (D:12)
  A shadow (D:9)
  6 wyverns
  A wraith (D:6)
  14 yaks
  2 basilisks
  A vampire (D:10)
  Eustachio (D:5)
  A steam dragon (D:8)
  A warg (Orc:1)
  Menkaure (D:5)
  4 vampire mosquitoes
  5 swamp worms (Lair:2)
  2 acid dragons
  7 water moccasins
  An ice beast (D:5)
  Purgy (Sewer)
  2 sky beasts
  8 orc warriors
  4 black bears
  8 necrophages
  3 ogres
  5 wolves (Lair:3)
  7 centaurs
  2 phantoms (D:9)
  A wyvern zombie (D:6)
  8 bullfrogs
  3 kobold brigands
  A gnoll sergeant (D:9)
  4 scorpions
  A water moccasin skeleton (D:4)
  A troll zombie (D:9)
  8 killer bees
  6 wights
  3 howler monkeys (D:10)
  5 centaur zombies
  A crimson imp (D:3)
  A bullfrog zombie (D:5)
  7 hounds
  2 jellies
  8 orc priests
  2 gnoll shamans
  2 iguanas
  Natasha (thrice) (D:2)
  10 orc wizards
  5 ogre zombies (D:9)
  2 howler monkey zombies
  Robin (D:2)
  17 gnolls
  7 adders
  A shadow imp (D:5)
  A white imp (D:6)
  An ufetubus (D:5)
  2 adder skeletons
  2 worms
  37 orcs
  5 endoplasms
  2 giant cockroaches (D:1)
  15 goblins
  10 hobgoblins
  9 jackals
  5 quokkas
  3 training dummies (D:8)
  8 ball pythons
  7 bats
  2 frilled lizards
  2 goblin skeletons (D:3)
  3 goblin zombies (D:9)
  A hobgoblin skeleton (D:9)
  9 hobgoblin zombies
  16 kobolds
  3 kobold zombies (D:3)
  2 orc skeletons
  12 orc zombies
  7 rats
415 creatures vanquished.

Vanquished Creatures (others)
  A human (D:10)
  23 fungi
  29 plants
53 creatures vanquished.

Grand Total: 468 creatures vanquished

Notes
Turn   | Place    | Note
-------+----------+-------------------------------------------
     0 | D:1      | Johnny the Draconian Ice Elementalist began the quest for
                  | the Orb.
     0 | D:1      | Reached XP level 1. HP: 14/14 MP: 3/3
   234 | D:1      | Found a faded altar of an unknown god.
   362 | D:1      | Reached XP level 2. HP: 11/22 MP: 0/5
   364 | D:1      | Reached skill level 1 in Fighting
  1322 | D:2      | Reached XP level 3. HP: 26/28 MP: 3/6
  1322 | D:2      | Noticed Natasha
  1791 | D:2      | Noticed Robin
  1804 | D:2      | Killed Robin
  2110 | D:2      | Reached XP level 4. HP: 32/36 MP: 8/8
  2162 | D:2      | Killed Natasha
  2347 | D:2      | Noticed Natasha
  2355 | D:2      | Killed Natasha
  2448 | D:2      | Noticed Natasha
  2456 | D:2      | Killed Natasha
  2457 | D:2      | Reached XP level 5. HP: 26/44 MP: 4/9
  2627 | D:2      | Learned a level 3 spell: Frozen Ramparts
  2631 | D:2      | Learned a level 3 spell: Ozocubu's Armour
  3286 | D:3      | Found a hide-covered altar of Uskayaw.
  3368 | D:3      | Reached skill level 5 in Ice Magic
  3492 | D:3      | Found a shimmering blue altar of Sif Muna.
  3517 | D:3      | Became a worshipper of Sif Muna the Loreminder
  3687 | D:3      | You fall into a shaft and drop 2 floors!
  3687 | D:5      | Entered Level 5 of the Dungeon
  3782 | D:5      | Reached XP level 6. HP: 51/51 MP: 3/11
  4150 | D:4      | Found an ornate altar of the Wu Jian Council.
  4196 | D:4      | Your scales start taking on a rich purple colour.
  4196 | D:4      | Reached skill level 5 in Spellcasting
  4196 | D:4      | Reached XP level 7. HP: 51/60 MP: 7/14
  4457 | D:4      | Reached skill level 5 in Fighting
  4505 | D:4      | Found a glowing drain.
  4517 | Sewer    | Entered a sewer
  4558 | Sewer    | Reached * piety under Sif Muna
  4624 | Sewer    | Noticed Purgy
  4633 | Sewer    | Killed Purgy
  4886 | D:4      | Got the Handbook of Creative Lightness
  4923 | D:4      | Found a shimmering altar of Xom.
  5064 | D:4      | Identified the amulet of Asuonais {Spirit rN+ Str+4}
  5109 | D:4      | Reached XP level 8. HP: 70/70 MP: 11/17
  5158 | D:4      | Found a blossoming altar of Fedhas.
  5200 | D:3      | Found a glowing golden altar of the Shining One.
  5274 | D:3      | Found Ugasoriyl's Antique Weapon Shoppe.
  5280 | D:3      | Noticed Sigmund
  5294 | D:3      | Noticed Sigmund
  5296 | D:3      | Killed Sigmund the killer bee
  5864 | D:5      | Learned a level 4 spell: Hailstorm
  5950 | D:5      | Noticed Eustachio
  5962 | D:5      | Killed Eustachio
  5962 | D:5      | Reached ** piety under Sif Muna
  6125 | D:5      | Noticed Menkaure
  6134 | D:5      | Killed Menkaure
  6329 | D:5      | Identified the +0 cloak "Weonwur" {rCorr Str+3 Int-2}
  7381 | D:6      | Reached XP level 9. HP: 63/79 MP: 20/20
  7492 | D:6      | Learned a level 5 spell: Freezing Cloud
  7505 | D:6      | Found Rkapuacu's Retail Resort.
  7761 | D:6      | Identified the +10 hand axe "Demor" {holy, rF+}
  8859 | D:7      | Found Tuipp's Distillery.
  8873 | D:7      | Bought a potion of heal wounds for 55 gold pieces
  8873 | D:7      | Bought a potion of curing for 33 gold pieces
  8971 | D:7      | Found a staircase to the Ecumenical Temple.
  9058 | D:7      | Reached skill level 1 in Shields
  9058 | D:7      | Reached skill level 1 in Invocations
  9108 | D:7      | Found a stormy altar of Qazlal.
  9374 | D:8      | Reached *** piety under Sif Muna
  9551 | D:8      | Reached XP level 10. HP: 66/90 MP: 19/23
  9986 | D:8      | Found Galot's Firing Range.
 10149 | D:9      | Found a staircase to the Orcish Mines.
 10358 | D:9      | Reached **** piety under Sif Muna
 10521 | D:9      | Found a hazy altar of Hepliaklqana.
 10534 | D:9      | Noticed a centaur warrior
 10535 | D:9      | Noticed a two-headed ogre
 10553 | D:9      | Killed a two-headed ogre
 10556 | D:9      | Killed a centaur warrior
 10722 | D:9      | Noticed a two-headed ogre
 10730 | D:9      | Killed a two-headed ogre
 10835 | D:9      | Reached skill level 10 in Spellcasting
 11038 | D:9      | Noticed Erica
 11059 | D:9      | Killed Erica
 11261 | D:9      | Reached skill level 5 in Invocations
 11378 | D:9      | Reached XP level 11. HP: 91/99 MP: 11/25
 11612 | D:9      | Reached skill level 10 in Ice Magic
 12051 | Orc:1    | Entered Level 1 of the Orcish Mines
 12052 | Orc:1    | Noticed an orc high priest
 12058 | Orc:1    | Reached skill level 10 in Fighting
 12159 | D:9      | Learned a level 7 spell: Ozocubu's Refrigeration
 12180 | D:10     | Entered Level 10 of the Dungeon
 12193 | D:10     | You fall into a shaft and drop 2 floors!
 12235 | D:12     | Noticed a two-headed ogre
 12245 | D:12     | Killed a two-headed ogre
 12246 | D:12     | Reached skill level 5 in Shields
 12515 | D:12     | Reached ***** piety under Sif Muna
 12913 | D:11     | Received a gift from Sif Muna
 12914 | D:11     | Got Sif Muna's Incunabulum of Ice and Enchantment {god
                  | gift}
 12925 | D:11     | Noticed a two-headed ogre
 13095 | D:10     | Found a shadowy altar of Dithmenos.
 13114 | D:10     | Noticed a two-headed ogre
 13122 | D:10     | Killed a two-headed ogre
 13158 | D:10     | Noticed a two-headed ogre
 13171 | D:10     | Killed a two-headed ogre
 13322 | D:10     | Found an ancient bone altar of Kikubaaqudgha.
 13333 | D:10     | Noticed a two-headed ogre
 13338 | D:10     | Noticed a tengu warrior
 13346 | D:10     | Killed a two-headed ogre
 13350 | D:10     | Killed a tengu warrior
 13362 | D:10     | Reached XP level 12. HP: 83/110 MP: 0/27
 13557 | D:10     | Found a snail-covered altar of Cheibriados.
 13900 | D:10     | Found a staircase to the Lair.
 14139 | Lair:1   | Entered Level 1 of the Lair of Beasts
 14457 | Lair:1   | Noticed a seven-headed hydra
 14462 | Lair:1   | Killed a seven-headed hydra
 14697 | Lair:1   | Found an ancient bone altar of Kikubaaqudgha.
 15389 | Lair:2   | Found a staircase to the Snake Pit.
 15620 | Lair:2   | Received a gift from Sif Muna
 15634 | Lair:2   | Got Sif Muna's Further Steps in Wizardry {god gift}
 16017 | Lair:2   | Noticed a four-headed hydra
 16017 | Lair:2   | Noticed a seven-headed hydra
 16125 | Lair:2   | Killed a seven-headed hydra
 16320 | Lair:2   | Found a staircase to the Swamp.
 16373 | Lair:2   | Killed a four-headed hydra
 16669 | Lair:3   | Found a white marble altar of Elyvilon.
 16688 | Lair:3   | Found a transporter.
 16688 | Lair:3   | Noticed an eight-headed hydra
 16699 | Lair:3   | Noticed Disaer's ghost (journeyman TrMo)
 16753 | Lair:3   | Reached XP level 13. HP: 75/118 MP: 14/29
 17100 | Lair:3   | Found a transporter.
 18143 | Lair:3   | Killed Disaer's ghost
 18144 | Lair:3   | HP: 2/119 [eight-headed hydra (9)]
 18144 | Lair:3   | Mangled by an eight-headed hydra

Illustrated notes

Levels and vault maps discovered:
D:1:      beargit_arrival_greenhouse, layout_basic,
          shapermc_ecumenical_altar_ellora
D:2:      layout_basic, uniq_robin, uniq_natasha
D:3:      layout_basic, nicolae_tso_besieged_by_evil, old_standard_altar,
          lemuel_coloured_pillars_altar, serial_shops, shop,
          kennysheep_generic_room_13, uniq_sigmund
D:4:      layout_gridville, nicolae_wu_jian_wuxing_cycle, tgw_xom,
          fedhas_altar_decomposition, cheibrodos_sewer_entry_sluice
D:5:      kennysheep_six_static_rooms, layout_basic, lemuel_old_faithful,
          uniq_eustachio, uniq_menkaure
D:6:      minmay_spotlight, layout_layer_cave, nicolae_alphabet_shops,
          st_stairs_3, kennysheep_small_circle
D:7:      layout_rooms, marbit_many_paths, minmay_temple_entry_hall,
          serial_shops, nicolae_diamond_shop
D:8:      layout_loops_cross, nicolae_overflow_hidden_temple,
          nicolae_shop_firing_range
D:9:      layout_layer_cave, nzn_hepliaklqana_mist_gate, zombieorc1_lemuel,
          minmay_microvault, uniq_erica
D:10:     layout_rooms, amcnicky_altar_gilded, lemuel_doored_altar,
          tgw_kikubaaqudgha, erik_lair_dragon, onia_ninara_cookie
D:11:     layout_small_grid, uniq_fannar
D:12:     layout_gridville
Lair:1:   layout_regular_city, lemuel_oklob_altar, grunt_megastairs_1
Lair:2:   layout_chaotic_city, palyth_hydra_swamp_entry,
          minmay_snake_entry_spellcaster, roderic_carrion_pond,
          infiniplex_staircase_pool_2, grunt_megastairs_3
Lair:3:   layout_layer_cave, gammafunk_ghost_berserking_beasts, basic_altar,
          chequers_serial_rivers_small_a
Orc:1:    layout_caves, uniq_snorg

Skill      XL: |  1  2  3  4  5  6  7  8  9 10 11 12 |
---------------+-------------------------------------+-----
Fighting       | 1 2 3 4 5 7 8 9 11 12 | 12.6
Spellcasting   | 3 5 6 7 9 10 11 12 | 12.9
Ice Magic      | 5 6 7 9 10 12 | 12.3
Shields        | 2 4 6 7 |  7.1
Invocations    | 2 5 7 9 |  9.6
Dodging        | |  1.7
Stealth        | |  1.7

Action                   |  1- 3 |  4- 6 |  7- 9 | 10-12 | 13-15 || total
-------------------------+-------+-------+-------+-------+-------++-------
Melee: Unarmed           |    31 |       |       |       |       ||    31
       Tailslap          |    12 |     9 |    33 |    30 |     5 ||    89
       Dagger            |    50 |    91 |    37 |       |       ||   178
       Mace              |       |       |   229 |   111 |       ||   340
       Hand axe          |       |       |       |   107 |    26 ||   133
       Flail             |       |       |       |     3 |       ||     3
 Cast: Freeze            |    42 |    55 |    44 |   110 |     2 ||   253
       Frozen Ramparts   |       |     5 |    24 |    47 |       ||    76
       Ozocubu's Armour  |       |     1 |     7 |    19 |     1 ||    28
       Hailstorm         |       |       |     7 |    32 |       ||    39
       Freezing Cloud    |       |       |       |    15 |       ||    15
       Ozocubu's Refrige |       |       |       |    13 |    21 ||    34
Invok: Channel Magic     |       |       |       |     3 |     1 ||     4
Evoke: Wand              |       |       |    15 |    35 |       ||    50
  Use: Scroll            |       |       |     6 |     4 |       ||    10
       Potion            |       |       |       |     1 |       ||     1
 Stab: Sleeping          |     5 |     2 |       |       |     1 ||     8
       Distracted        |     1 |       |     1 |       |       ||     2
       Paralysed         |       |       |       |     2 |       ||     2
Armor: Skin              |    35 |    54 |   221 |   230 |    21 ||   561
Dodge: Dodged            |    66 |    80 |   341 |   347 |    32 ||   866
Block: Buckler           |       |       |       |    81 |    16 ||    97

Table legend: (Time is in decaauts)
 A = Elapsed time spent in this place.
 B = Non-inter-level travel time spent in this place.
 C = Inter-level travel time spent in this place.
 D = Time resting spent in this place.
 E = Time spent auto-exploring this place.
 F = Levels seen in this place.
 G = Mean time per level.
                   A        B        C        D        E       F      G
               +--------+--------+--------+--------+--------+-----+--------+
         Total |  18388 |  17776 |    612 |   2402 |  12323 |  17 | 1081.6 |
       Dungeon |  14117 |  13627 |    490 |   1953 |   9220 |  12 | 1176.4 |
          Lair |   4051 |   3929 |    122 |    448 |   2942 |   3 | 1350.3 |
  Orcish Mines |      6 |      6 |      0 |      0 |      0 |   1 |    6.0 |
         Sewer |    212 |    212 |      0 |      0 |    160 |   1 |  212.0 |
               +--------+--------+--------+--------+--------+-----+--------+

Top non-repeatable levels by time:
     D:9: 2103 daAuts
     D:5: 2072 daAuts
     D:2: 1845 daAuts
     D:6: 1669 daAuts
  Lair:3: 1598 daAuts
  Lair:2: 1570 daAuts
     D:1: 1423 daAuts
    D:10: 1237 daAuts
     D:4: 952 daAuts
  Lair:1: 882 daAuts
     D:3: 772 daAuts
     D:8: 755 daAuts
    D:12: 701 daAuts
     D:7: 551 daAuts
   Sewer: 212 daAuts
